Unix NetHack Version 5.0.0-0 post-release - last build May 30 2026 05:04:26 (55804bc15828dd6e32e9076e0726aa6fccb6e981,branch:main).

Game began 2026-05-30 16:30:12, ended 2026-05-30 17:15:10.

Eymerich, chaotic male elven Priest

                                        ---
                      ----              |..--
                    ---..--        ---- |...|---
        ---        --.....|        |..-- -.<--.--
       --.----------......---      |...| |-.....|
       |....................------ |-..---.[^...|
       --.---------..............---....|.[.....|
        ---       |.......------.......[..*.....|
                  -----...^---..#-..............|
                      --.--.|...|---...........--
                       ----...---  |..........-#
                     @##[#....|    ---*.--....-
                         --.---      ------.....
                          ---             |........
                                          --...--.|
                                            ...| --
                                           -...|
                                           --.>|
                                            ----

Eymerich the Adept           St:11 Dx:16 Co:13 In:8 Wi:17 Ch:12  Chaotic
Dlvl:5  $:0  HP:0(43) Pw:57(57) AC:5  Xp:6 T:3784  Burdened Blind

Latest messages:
 The wood nymph smiles at Puffa engagingly.
 The wood nymph pretends to be friendly to Puffa.
 What do you want to ready? [- aklqALPQ or ?*]
 k - 10 poisoned crude arrows (in quiver).
 You hear some noises.
 You hear some noises.
 Puffa misses the yellow light.
 Puffa misses it.
 Puffa bites the jackal.
 Puffa misses the jackal.
 You hear some noises in the distance.
 There are several objects here.
 You hear some noises.
 You have a little trouble lifting W - a hooded cloak.
 X - a cursed cyan potion.
 You were wearing a +0 hooded cloak.
 What do you want to wear? [bJKW or ?*]
 You are now wearing a hooded cloak.
 What do you want to drop? [abd-hj-ln-qtuw-zAFGI-MO-X or ?*]
 You drop a +0 hooded cloak.
 You begin bashing monsters with your bow.
 You miss the yellow light.
 The yellow light explodes!
 You are blinded by a blast of light!
 It bites!
 You stop searching.
 What do you want to wield? [- aklqwAFLPQS or ?*]
 a - a blessed +1 mace (weapon in right hand).
 It bites!
 It bites!
 You hit it.
 It bites!
 It bites!
 It bites!
 You hit it.
 It bites!
 It bites!
 You miss it.
 It bites!
 It bites!
 You hit it.
 It bites!
 It bites!
 It bites!
 You miss it.
 It bites!
 You die...
 Do you want your possessions identified? [ynq] (y)
 Do you want to see your attributes? [ynq] (y)
 Do you want an account of creatures vanquished? [ynaq] (y)

Inventory:
 Weapons  (')')
  A - a blessed +1 arrow
  k - 10 poisoned +1 orcish arrows (in quiver)
  w - a +0 bow
  F - a +1 sling
  Q - 7 +0 shuriken
  L - 2 blessed +0 daggers
  P - a blessed +1 orcish dagger
  l - a +0 orcish dagger
  q - a +0 club
  a - a blessed +1 mace (weapon in right hand)
 Armor    ('[')
  J - a +1 orcish helm
  W - a +0 dwarvish cloak (being worn)
  b - a +0 robe
  u - a +0 elven mithril-coat (being worn)
 Comestibles  ('%')
  j - a carrot
  e - a clove of garlic
  x - a food ration
  M - a lembas wafer
  f - a sprig of wolfsbane
  t - 2 lichen corpses
 Scrolls  ('?')
  O - a scroll of create monster
  o - a scroll of light
  G - a blessed scroll of remove curse
  R - a scroll of teleportation
 Spellbooks  ('+')
  h - a spellbook of light
  g - a spellbook of protection
 Potions  ('!')
  z - a potion of healing
  X - a cursed potion of object detection
  d - 4 potions of holy water
 Rings    ('=')
  I - a cursed -1 ring of adornment
  p - a ring of levitation
 Wands    ('/')
  n - a wand of create monster (0:4)
 Tools    ('(')
  V - a mirror
  S - a +0 pick-axe (alternate weapon; not wielded)
 Gems/Stones  ('*')
  T - a worthless piece of red glass named soft
  y - a worthless piece of violet glass named soft
  U - 2 worthless pieces of yellowish brown glass named soft

Eymerich the Priest's attributes:

Background:
 You were an Adept, a level 6 elven Priest.
 You were chaotic, on a mission for Anshar
 who was opposed by Anu (lawful) and Ishtar (neutral).
 You were right-handed.
 You were in the Gnomish Mines, on level 5.
 You entered the dungeon 3784 turns ago.
 You had 414 experience points, 226 more were needed to attain level 7.

Basics:
 You had 0 out of 43 hit points.
 You had all 57 energy points (spell power).
 Your armor class was 5.
 Your wallet was empty.
 Autopickup was off.

Final Characteristics:
 Your strength was 11 (limit:18).
 Your dexterity was 16 (limit:18).
 Your constitution was 13 (limit:16).
 Your intelligence was 8 (limit:20).
 Your wisdom was 17 (limit:20).
 Your charisma was 12 (limit:18).

Final Status:
 You were temporarily blind.
 You weren't hungry.
 You were burdened; movement was slightly slowed.
 You were wielding a mace.
 You had basic skill with mace and could have enhanced that.

Final Attributes:
 You were piously aligned.
 Your items were somewhat protected from fire.
 Your items were somewhat protected from cold.
 You were sleep resistant.
 You had infravision.
 You were guarded.
 Your spell casting was impaired by metallic armor.
 You are dead.

Miscellaneous:
 You didn't encounter any bones levels.
 Total elapsed playing time was 44 minutes and 56 seconds.

Major events:
 Turn
    1: Eymerich the chaotic elven Priest entered the dungeon
  918: entered the Gnomish Mines
  926: attained the rank of Acolyte (level 3)
 3018: attained the rank of Adept (level 6)
 3784: killed by a giant bat

Spells:
 Name                 Level Category     Fail Retention
 protection             1   clerical      61%   81%-90%
 light                  1   clerical      61%   81%-90%

Skills:
 Fighting Skills
   bare handed combat [Unskilled]
 Weapon Skills
   club               [Unskilled]
   mace               [Basic]
   morning star       [Unskilled]
   flail              [Unskilled]
   hammer             [Unskilled]
   quarterstaff       [Unskilled]
   polearms           [Unskilled]
   spear              [Unskilled]
   trident            [Unskilled]
   lance              [Unskilled]
   bow                [Basic]
   sling              [Unskilled]
   crossbow           [Unskilled]
   dart               [Unskilled]
   shuriken           [Unskilled]
   boomerang          [Unskilled]
   unicorn horn       [Unskilled]
 Spellcasting Skills
   healing spells     [Unskilled]
   divination spells  [Unskilled]
   clerical spells    [Basic]

Voluntary challenges:
 Character rerolling was not enabled.
 You were illiterate.
 You never genocided any monsters.
 You never polymorphed an object.
 You never changed form.
 You used no wishes.
Achievements:
 You entered the Gnomish Mines.
 You attained the rank of Acolyte.
 You attained the rank of Adept.

 The Dungeons of Doom: levels 1 to 5
    Level 1:
       A grave.
    Level 2: "vault"
    Level 3: "2 x locked chest, 1 locked box"
       Some fountains.
    Level 4:
       Stairs down to The Gnomish Mines.
    Level 5:
 The Gnomish Mines:
    Level 5: <- You were here.
       Final resting place for
          you, killed by a giant bat.


Vanquished creatures:
  a gnome mummy
  2 human zombies
  a wood nymph
  3 rock moles
  a yellow light
  a gnome leader
  a gray ooze
  3 floating eyes
  4 dwarves
  a homunculus
  a rabid rat
  a giant bat
  3 orc zombies
  a dwarf zombie
  a wererat
  4 iguanas
  4 coyotes
  3 gas spores
  a hobbit
  2 large kobolds
  a giant rat
  2 cave spiders
  a green mold
  7 gnomes
  2 garter snakes
  a gnome zombie
  2 geckos
  7 jackals
  a fox
  a kobold
  3 goblins
  6 bats
  8 lichens
  8 kobold zombies
  7 newts
96 creatures vanquished.

No species were genocided or became extinct.

Game over:
                       ----------
                      /          \
                     /    REST    \
                    /      IN      \
                   /     PEACE      \
                  /                  \
                  |     Eymerich     |
                  |       0 Au       |
                  |   killed by a    |
                  |    giant bat     |
                  |                  |
                  |                  |
                  |       2026       |
                 *|     *  *  *      | *
        _________)/\\_//(\/(/\)/\//\/|_)_______

Goodbye Eymerich the Priest...

You died in The Gnomish Mines on dungeon level 5 with 1866 points,
and 0 pieces of gold, after 3784 moves.
You were level 6 with a maximum of 43 hit points when you died.

